 Seeded DCSS version 0.29.1-13-g9f3cf754e1 (webtiles) character file.

Game seed: 1 (custom seed)

37 Kazon the Trooper (level 3, 0/40 HPs)
             Began as an Ogre Fighter on Jan 25, 2023.
             Slain by a gnoll
             ... wielding a +0 halberd
              (12 damage)
             ... on level 2 of the Dungeon.
             The game lasted 00:03:37 (767 turns).

Kazon the Trooper (Ogre Fighter)                     Turns: 767, Time: 00:03:38

Health: 0/40       AC:  3    Str: 20    XL:     3   Next: 41%
Magic:  3/3        EV:  9    Int:  9    God:
Gold:   121        SH:  7    Dex: 10    Spells: 2/2 levels left

rFire   . . .      SeeInvis .   e - +2 demon blade (elec)
rCold   . . .      Faith    .   c - +0 kite shield
rNeg    . . .      Spirit   .   b - +0 robe
rPois   .          Reflect  .   (helmet restricted)
rElec   .          Harm     .   (no cloak)
rCorr   .          Rampage  .   (gloves unavailable)
Will    .....                   (boots unavailable)
Stlth   +.........              a - amulet of the acrobat
HPRegen 0.13/turn               (no ring)
MPRegen 0.08/turn               (no ring)

@: no status effects
A: large, unfitting armour, tough skin 1
a: no special abilities


You were on level 2 of the Dungeon.
You visited 1 branch of the dungeon, and saw 2 of its levels.

You collected 121 gold pieces.

Inventory:

Hand Weapons
 e - a +2 demon blade of electrocution (weapon)
Missiles
 j - 7 stones (quivered)
Armour
 b - a +0 robe (worn)
 c - a +0 kite shield (worn)
Jewellery
 a - an amulet of the acrobat (around neck)
Scrolls
 i - a scroll of identify {unknown}
Potions
 d - a potion of might
 f - a potion of haste {unknown}
 g - a potion of flight {unknown}
 h - a potion of attraction {unknown}


   Skills:
 + Level 4.5 Fighting
 + Level 2.3 Long Blades
 + Level 3.1 Dodging
 + Level 3.2 Shields


You had 2 spell levels left.
You didn't know any spells.
Your spell library was empty.

Dungeon Overview and Level Annotations

Branches:
Dungeon (2/15)

Altars:


Innate Abilities, Weirdness & Mutations

You are too large for most types of armour.
You have tough skin. (AC +1)


Message History

There is a stone staircase leading up here.
Found a leather armour.
Found an escape hatch in the ceiling.
You see here a +0 leather armour.
There is an escape hatch in the ceiling here.
A mysterious force pulls you upwards. The hatch slams shut behind you.
There is a stone staircase leading down here.
You climb downwards.
There is a stone staircase leading up here.
A goblin comes into view. It is wielding a +0 club.
A gnoll comes into view. It is wielding a +0 halberd.
The gnoll shouts!
The goblin shouts!
The goblin unwields a +0 club.
The goblin wields a +0 sling.
The goblin shoots a sling bullet.
You block the sling bullet.
You hear a shout! x2
You hear an angry hiss.
A ball python comes into view.
A gnoll comes into view. It is wielding a +0 spear.
The goblin shoots a sling bullet.
You block the sling bullet.
The ball python moves out of view.
You hear an angry hiss.
You hear a shout!
You block the gnoll's attack.
The goblin unwields a +0 sling.
The goblin wields a +0 club.
The goblin completely misses you.
You slash the goblin!
You kill the goblin!
You block the gnoll's attack.
A gnoll comes into view. It is wielding a +0 whip.
The gnoll hits you with a +0 halberd. The gnoll completely misses you.
The gnoll moves out of view.
Things that are here:
a +0 club; a +0 sling; a scroll labelled NAURHE KYU You closely miss the gnoll.
The gnoll barely misses you.
The gnoll hits you from afar with a +0 spear. x2
The gnoll hits you with a +0 halberd!
You slash the gnoll!
The gnoll is severely wounded.
The gnoll hits you from afar with a +0 spear!
* * * LOW HITPOINT WARNING * * *
The gnoll hits you with a +0 halberd!
You die...

#.# ##.## ##...#
.... # ... . ##.
#.# ...
#...#.#######.....
#.........@ggS....
#...##.######.##.#
### #.# #.# #.# .#
#.# ######.# #.#
#....... #.#
#.##... #.#
#.##.$#


You could see 2 gnolls and a ball python.

Vanquished Creatures
  An adder (D:2)
  A worm (D:2)
  4 endoplasms (D:1)
  A giant cockroach (D:1)
  5 goblins
  3 hobgoblins
  2 kobolds
  A quokka (D:1)
  2 bats
  3 rats (D:1)
23 creatures vanquished.

Notes
Turn   | Place    | Note
-------+----------+-------------------------------------------
     0 | D:1      | Kazon the Ogre Fighter began the quest for the Orb.
     0 | D:1      | Reached XP level 1. HP: 24/24 MP: 1/1
    32 | D:1      | Identified a scroll of acquirement
    32 | D:1      | Acquired a +2 demon blade of electrocution
   117 | D:1      | Reached XP level 2. HP: 32/32 MP: 2/2
   650 | D:2      | Reached XP level 3. HP: 32/40 MP: 3/3
   767 | D:2      | Slain by a gnoll

Illustrated notes

Levels and vault maps discovered:
D:1:      dpeg_arrival_three_smaller_balls, layout_basic
D:2:      layout_loops_ring

Skill      XL: |  1  2 |
---------------+-------+-----
Long Blades    | 2 |  2.3
Dodging        | 3 |  3.1
Fighting       | |  4.5
Shields        | |  3.2

Action                   || total
-------------------------++-------
Melee: Demon blade       ||    54
       Long sword        ||     1
Throw: Stone             ||     1
  Use: Scroll            ||     1
Armor: Robe              ||    15
Dodge: Dodged            ||    32
Block: Kite shield       ||    25
